AoeStats
← TIMVP

Arabia

508639527Analyzed
1v1 RM · 9d ago on Sep 23, 2026· 39m 4s· 2 players
Game mode
Random Map
Map size
Tiny (2 player)
Population
200
Speed
Normal
Resources
Standard
Victory
Conquest
Starting age
Dark Age
Ending age
Imperial Age
RankedLock teamsTeams togetherTeam positionsShared explorationLock speedFull tech treeHidden civsTurbo modeCheats
Victory
Defeat
🇵🇪 Romans · Peru
530
+20
🇫🇷 Japanese · France
618
-44
TIMVP
12:14 Feudal Age
12:43 Double-Bit Axe
13:47 Wheelbarrow
13:16 Gold Mining
17:47 Bloodlines
19:18 Scale Barding Armor
19:23 Stone Mining
23:37 Castle Age
22:18 Horse Collar
32:38 Imperial Age
32:00 Hand Cart
32:02 Bow Saw
33:25 Gold Shaft Mining
32:39 Man-at-Arms
34:28 Ballistas
34:51 Scale Mail Armor
35:12 Chain Barding Armor
35:04 Forging
35:01 Heavy Plow
36:54 Heavy Scorpion
37:08 Long Swordsman
38:38 Legionary
Evixion
9:38 Feudal Age
18:24 Double-Bit Axe
19:34 Horse Collar
29:20 Castle Age
29:30 Stone Mining
29:36 Gold Mining
32:16 Heavy Plow
35:15 Bow Saw
35:45 Gold Shaft Mining
35:51 Scale Mail Armor
36:07 Forging
36:11 Scale Barding Armor
37:10 Wheelbarrow
38:13 Hand Cart
Connection lost

Rejoining the realm…

Still unreachable

The connection could not be restored.

Session expired

The server has moved on; the page needs a fresh start.